Map: Alcyone LE

Players

Sadakatsu - Winner!

  • Race: Zerg Zerg
  • League: Platinum
  • Spawn Location: 7:00

VOD

Have the link to the VOD?

Description

Time

  • Played on: April 20, 2024, 9:48 p.m.
  • Length: 20:55
Show
View Real Time Build Order
Export as new Build Order

Sadakatsu Zerg - Winner!

Build Orders:  

Get SALT Encoding   

  12  0:01  Drone  
  13  0:18  Overlord  
  13  0:25  Drone  
  14  0:43  Drone x2  
  16  0:50  Drone  
  17  1:13  Hatchery  
  17  1:19  Drone  
  17  1:22  Extractor  
  16  1:39  Spawning Pool  
  15  1:44  Drone  
  15  1:48  Drone  
  17  1:52  Drone  
  18  2:05  Drone  
  19  2:20  Overlord  
  19  2:44  Queen  
  19  2:46  Drone  
  22  2:53  Queen  
  22  2:55  Drone  
  22  2:58  Drone  
  26  3:04  Extractor  
  26  3:07  Drone  
  26  3:12  Drone  
  21  3:20  Drone  
  27  3:27  Drone  
  29  3:34  Drone  
  29  3:39  Queen  
  32  3:44  Drone  
  33  3:52  Queen  
  33  3:55  Metabolic Boost  
  33  3:56  Drone  
  36  4:17  Overlord x2  
  36  4:20  Overlord  
  36  4:42  Hatchery  
  35  5:02  Drone  
  35  5:05  Drone, Overlord  
  35  5:07  Zergling x8  
  41  5:16  Drone x2  
  43  5:21  Drone  
  43  5:28  Drone  
  45  5:31  Drone x2  
  47  5:50  Drone x3  
  47  5:51  Drone  
  47  5:53  Drone  
  47  5:56  Drone  
  47  5:59  Drone  
  54  6:07  Lair  
  51  6:26  Hatchery  
  50  6:50  Zergling x6  
  50  6:51  Zergling x2  
  50  6:54  Drone x3  
  57  7:26  Drone x4  
  57  7:27  Drone x4  
  57  7:28  Drone x4  
  57  7:29  Drone x4  
  73  7:42  Hatchery  
  73  7:45  Zergling x2  
  73  7:46  Zergling x4  
  69  8:19  Zergling x14  
  70  8:20  Zergling x8  
  52  8:42  Zergling x4  
  52  8:43  Zergling x10  
  55  8:55  Zergling x2  
  50  9:17  Queen  
  50  9:18  Queen  
  54  9:20  Queen  
  54  9:21  Zergling x2  
  54  9:22  Zergling x8  
  54  9:23  Zergling x2  
  61  9:43  Zergling x4  
  61  9:46  Zergling x4  
  57  9:57  Hatchery  
  53  10:19  Queen  
  55  10:20  Drone  
  55  10:21  Drone  
  55  10:27  Zergling x8  
  55  10:28  Zergling x8  
  55  10:29  Zergling x4  
  63  10:45  Drone  
  62  11:16  Overlord  
  62  11:18  Zergling x4  
  62  11:19  Zergling x8  
  63  11:20  Zergling x6  
  63  11:21  Zergling x4, Overlord  
  63  11:22  Zergling x4  
  61  11:41  Queen  
  61  11:42  Drone  
  64  11:56  Drone  
  64  11:59  Drone  
  66  12:01  Zergling x2  
  66  12:02  Zergling x6  
  66  12:05  Zergling x8  
  74  12:10  Queen  
  74  12:11  Drone x3  
  74  12:12  Drone x3  
  74  12:16  Zergling x10  
  74  13:00  Zergling x4  
  74  13:01  Zergling x18  
  74  13:02  Zergling x18  
  74  13:03  Overlord x3  
  74  13:04  Overlord x3  
  94  13:10  Hatchery  
  93  13:47  Overlord  
  93  13:48  Zergling x4  
  93  13:49  Zergling x8  
  98  13:50  Zergling x2, Overlord  
  98  13:51  Zergling x4  
  98  13:52  Zergling x8  
  98  13:53  Zergling x2  
  98  13:54  Zergling x2, Overlord  
  98  13:55  Zergling x8  
  99  14:06  Hatchery  
  99  14:07  Drone  
  91  14:28  Zergling x2  
  91  14:29  Zergling x16  
  88  14:30  Zergling x30  
  106  14:44  Zergling x2  
  106  14:45  Zergling x8  
  97  15:25  Drone, Queen  
  97  15:26  Drone x2  
  93  15:44  Drone  
  88  16:06  Queen  
  88  16:07  Drone x2  
  87  16:25  Drone  
  85  16:33  Drone x2  
  85  16:34  Drone  
  82  16:51  Zergling x14  
  82  16:52  Zergling x42  
  82  16:53  Zergling x34  
  119  17:32  Zergling x2  
  119  17:33  Zergling x40  
  119  17:34  Zergling x14  
  145  18:02  Overlord x2  
  145  18:03  Overlord x4  
  145  18:04  Zergling x2, Overlord x2  
  145  18:06  Zergling x2  
  145  18:07  Zergling x8  
  145  18:08  Zergling x2, Hatchery  
  145  18:28  Spore Crawler  
  143  18:31  Spore Crawler  
  143  18:32  Spore Crawler  
  130  19:35  Zergling x2  
  130  19:36  Zergling x20  
  130  19:37  Zergling x42  
  130  19:38  Zergling x28  
  169  19:50  Queen  
  169  19:51  Drone  
  169  19:59  Drone x2  
  171  20:00  Drone x4  
  171  20:01  Drone x3  
  172  20:24  Drone x2  
Tags
 
League
Platinum
Matchup
Co-op
Add a new tag
Caveats
  • Supply blocks, unpowered buildings, or Contaminate may cause inaccurate times.
  • Supply counts are checked every 10 seconds.